 Dungeon Crawl Stone Soup version 0.32-a0-909-gc671339a80 (webtiles) character file.

Game seed: 1822102709642998355

4529 GiantSquids the Skirmisher (level 10, -13/60 HPs)
             Began as a Coglin Hunter on Apr 7, 2024.
             Was a Believer of Hepliaklqana.
             Killed from afar by Joseph (19 damage)
             ... with a bolt of dispelling energy
             ... on level 9 of the Dungeon.
             The game lasted 00:10:29 (7791 turns).

GiantSquids the Skirmisher (Coglin Hunter)          Turns: 7791, Time: 00:10:30

Health: -13/60     AC:  4    Str: 12    XL:     10   Next: 39%
Magic:  9/10       EV: 11    Int:  8    God:    Hepliaklqana [**....]
Gold:   399        SH:  0    Dex: 22    Spells: 9/9 levels left

rFire   . . .        a - +2 sling {Arashi}
rCold   . . .        d - +0 sling {Somchai}
rNeg    + . .        q - +0 leather armour {rN+}
rPois   .            (no helmet)
rElec   .            (no cloak)
rCorr   .            m - +0 pair of gloves
SInv    .            (no boots)
Will    .....        (amulet unavailable)
Stlth   ++           (ring unavailable)
HPRegen 0.30/turn    (ring unavailable)
MPRegen 0.12/turn    (no gizmo)

%: no passive effects
@: revved
A: reduced essence, off-hand wielding, slow wielding, warmup strikes, no
jewellery
a: Invent Gizmo, Renounce Religion, Recall Ancestor, Ancestor Identity


You were on level 9 of the Dungeon.
You worshipped Hepliaklqana.
Hepliaklqana was pleased with you.
You visited 1 branch of the dungeon, and saw 9 of its levels.

You collected 399 gold pieces.

Inventory:

Hand Weapons
 a - a +2 sling (weapon) {Arashi}
 d - a +0 sling (offhand) {Somchai}
Armour
 m - a +0 pair of gloves (worn)
 q - a +0 leather armour of positive energy (worn)
Scrolls
 b - a scroll of butterflies
 c - a scroll of amnesia
 e - 5 scrolls of noise
 f - 2 scrolls of immolation
 h - 3 scrolls of identify
 i - 2 scrolls of teleportation {unknown}
 k - a scroll of fear {unknown}
 l - a scroll of revelation {unknown}
 n - a scroll of poison
 s - 2 scrolls of summoning {unknown}
 u - a scroll of fog {unknown}
Potions
 g - 3 potions of lignification
 j - 2 potions of curing
 o - 3 potions of enlightenment {unknown}
 r - a potion of mutation {unknown}
 t - 2 potions of haste {unknown}
 v - 2 potions of might {unknown}


   Skills:
 - Level 2.0 Fighting
 + Level 14.0 Ranged Weapons
 - Level 1.7 Dodging
 - Level 0.7 Stealth


You had 9 spell levels left.
You didn't know any spells.
Your spell library contained the following spells:

 Spells                   Type           Power      Damage    Failure   Level
 Magic Dart               Conj           0%         1d3       50%         1
 Summon Small Mammal      Summ           0%         N/A       50%         1
 Searing Ray              Conj           0%         2d4       63%         2
 Sublimation of Blood     Necr           0%         N/A       63%         2
 Call Canine Familiar     Summ           0%         N/A       86%         3
 Fugue of the Fallen      Necr           0%         N/A       86%         3
 Ozocubu's Armour         Ice            0%         N/A       86%         3
 Fulminant Prism          Conj/Alch      0%         3d5       99%         4
 Petrify                  Alch/Erth      0%         N/A       99%         4
 Summon Blazeheart Golem  Fire/Summ      0%         N/A       99%         4
 Irradiate                Conj/Alch      0%         3d11      100%        5
 Manifold Assault         Tloc           0%         N/A       100%        7


Dungeon Overview and Level Annotations

Branches:
Dungeon (9/15)             Temple (0/1) D:7
   Lair: D:8-11         Orc: D:9-12

Altars:
Elyvilon
Fedhas
Gozag
Hepliaklqana
Trog
Yredelemnul
Zin

Annotations:
D:9 Joseph


Innate Abilities, Weirdness & Mutations

Your life essence is reduced to manifest your ancestor. (-10% HP)
You can wield a second weapon in your off-hand.
It takes a long time for you to wield or remove held weapons.
Your first few attacks do less damage.
You cannot equip rings or amulets.


Message History

You shoot a sling bullet.
The sling bullet barely misses the killer bee.
You shoot a sling bullet.
The sling bullet hits the killer bee but does no damage.
The killer bee is almost dead.
* * * LOW HITPOINT WARNING * * *
You feel sick. The killer bee stings you.
* * * LOW HITPOINT WARNING * * *
You are more poisoned.
The killer bee poisons you!
The killer bee stings you but does no damage.
Joseph closely misses Veviodd.
Veviodd hits Joseph with a +0 flail!
You feel better. The killer bee stings you!
* * * LOW HITPOINT WARNING * * *
Joseph hits Veviodd with a +0 quarterstaff!
The killer bee closely misses you.
You shoot a sling bullet.
The sling bullet barely misses the killer bee.
You shoot a sling bullet. The sling bullet hits the killer bee.
You kill the killer bee!
Veviodd hits Joseph with a +0 flail!
Joseph zaps a wand.
The bolt of dispelling energy hits Veviodd!
Your Ranged Weapons skill increases to level 14!
You shoot a sling bullet. Veviodd avoids your attack.
The sling bullet barely misses Joseph.
You shoot a sling bullet. Veviodd avoids your attack.
The sling bullet hits Joseph but does no damage.
Joseph is severely wounded.
You shoot a sling bullet. Veviodd avoids your attack.
The sling bullet closely misses Joseph.
You shoot a sling bullet. Veviodd avoids your attack.
The sling bullet hits Joseph!
Joseph is almost dead.
Veviodd barely misses Joseph.
You shoot a sling bullet. The sling bullet closely misses Joseph.
You shoot a sling bullet. The sling bullet hits Joseph.
Joseph is almost dead.
Joseph zaps a wand.
The bolt of dispelling energy hits you!!
You die...
Hepliaklqana delivers you to your ancestors.

#.....###. #.....# ## .
###.....# # ... .....[..#
#
...#############.....####
...............+.........
...............#.........
..†...†R.......#.........
#...@@......#........#
#..†........##+###...#
#.........[... #...# #.
#.....#######. #...# #..
#.....# ##...# +..
#.....# #....#
#..#####.....# #.....
#............# #.....
#............# #.....


You could see the friendly Veviodd the knight and Joseph (ally target).

Vanquished Creatures
  Jeremiah (D:9)
  3 yaks (D:8)
  A wyvern (D:9)
  A steam dragon (D:8)
  An acid dragon (D:8)
  2 water moccasins
  2 sky beasts (D:7)
  3 black bears
  An orc warrior (D:8)
  An ogre (D:5)
  A centaur (D:5)
  2 bullfrogs
  A gnoll sergeant (D:8)
  4 scorpions
  4 killer bees (D:9)
  4 bombardier beetles
  An electric eel (D:8)
  2 hounds
  6 jellies
  A gnoll bouda (D:6)
  A sleepcap (D:5)
  2 iguanas
  12 orc wizards
  A mummy (D:5)
  6 adders
  8 gnolls (D:6)
  A white imp (D:7)
  2 ufetubi (D:6)
  4 ribbon worms
  4 dart slugs
  23 orcs
  10 endoplasms
  A giant cockroach (D:4)
  7 goblins
  4 hobgoblins
  3 jackals (D:1)
  3 quokkas
  4 ball pythons
  4 bats
  5 frilled lizards
  A hobgoblin zombie (D:5)
  3 kobolds
  3 kobold zombies (D:5)
  3 rats
157 creatures vanquished.

Vanquished Creatures (collateral kills)
  3 yaks (D:8)
  A vampire mosquito (D:8)
  An orc warrior (D:8)
  A centaur (D:9)
  A bullfrog (D:8)
  A killer bee (D:9)
  An orc wizard (D:7)
  A shadow imp (D:7)
10 creatures vanquished.

Grand Total: 167 creatures vanquished

Notes
Turn   | Place    | Note
-------+----------+-------------------------------------------
     0 | D:1      | GiantSquids the Coglin Hunter began the quest for the Orb.
     0 | D:1      | Reached XP level 1. HP: 16/16 MP: 1/1
    86 | D:1      | Reached skill level 4 in Ranged Weapons
    86 | D:1      | Reached XP level 2. HP: 22/22 MP: 2/2
   361 | D:1      | Reached XP level 3. HP: 27/27 MP: 3/3
   557 | D:2      | Identified the +8 spear "Madoiddon" {freeze, rCorr Str+2}
  1223 | D:2      | Reached skill level 5 in Ranged Weapons
  1325 | D:3      | Reached XP level 4. HP: 33/33 MP: 4/4
  1528 | D:3      | Noticed a scorpion
  1533 | D:3      | Killed a scorpion
  1534 | D:3      | Reached skill level 6 in Ranged Weapons
  1534 | D:3      | Reached XP level 5. HP: 38/38 MP: 5/5
  1648 | D:3      | Found a faded altar of an unknown god.
  1916 | D:4      | Reached XP level 6. HP: 44/44 MP: 6/6
  2052 | D:4      | Noticed a black bear
  2062 | D:4      | Killed a black bear
  2063 | D:4      | Reached skill level 7 in Ranged Weapons
  2295 | D:4      | Reached XP level 7. HP: 30/50 MP: 7/7
  2423 | D:4      | HP: 1/50 [black bear (4)]
  2425 | D:4      | Reached skill level 8 in Ranged Weapons
  2981 | D:4      | Found a glowing silver altar of Zin.
  2981 | D:4      | Noticed an angel
  3131 | D:5      | Entered Level 5 of the Dungeon
  3231 | D:5      | Found a white marble altar of Elyvilon.
  3510 | D:5      | Reached skill level 9 in Ranged Weapons
  3510 | D:5      | Reached XP level 8. HP: 52/56 MP: 8/8
  4115 | D:5      | Found a hazy altar of Hepliaklqana.
  4221 | D:5      | Became a worshipper of Hepliaklqana the Forgotten
  5245 | D:6      | Reached skill level 10 in Ranged Weapons
  5659 | D:7      | Reached * piety under Hepliaklqana
  5717 | D:7      | Reached XP level 9. HP: 50/54 MP: 9/9
  5734 | D:7      | Reached skill level 11 in Ranged Weapons
  6065 | D:7      | Found a staircase to the Ecumenical Temple.
  6253 | D:7      | Found an opulent altar of Gozag.
  6438 | D:8      | Reached ** piety under Hepliaklqana
  6439 | D:8      | Found a basalt altar of Yredelemnul.
  6440 | D:8      | Remembered your ancestor Veviodd as a knight
  6450 | D:8      | Found a bloodstained altar of Trog.
  6559 | D:8      | Reached skill level 12 in Ranged Weapons
  7251 | D:8      | Reached skill level 13 in Ranged Weapons
  7255 | D:8      | Reached XP level 10. HP: 60/60 MP: 10/10
  7489 | D:9      | Noticed Jeremiah
  7496 | D:9      | Killed Jeremiah
  7554 | D:9      | Found a blossoming altar of Fedhas.
  7762 | D:9      | Noticed Joseph
  7786 | D:9      | HP: 2/60 [killer bee (3)]
  7789 | D:9      | Reached skill level 14 in Ranged Weapons
  7791 | D:9      | Killed from afar by Joseph

Illustrated notes

Levels and vault maps discovered:
D:1:      scummos_arrival_simple_crosswalls, layout_rooms
D:2:      layout_loops_corners, nrook_uturn
D:3:      layout_rooms, shapermc_ecumenical_altar_mp_ritualfount, minivault_26,
          kennysheep_generic_room_2
D:4:      layout_loops_corners, zin_angel
D:5:      minmay_inner_zag, layout_basic, mainiacjoe_overflow_24_doors,
          mainiacjoe_overflow_alcove_4, eino_curves_03, minmay_mini_ossuary
D:6:      layout_basic
D:7:      minmay_flawed_box, layout_loops_cross, grunt_gozag_statues,
          minmay_temple_entry_antechambers,
          nicolae_concentric_dashed_squares_mild
D:8:      layout_rooms, grunt_temple_overflow_open,
          kennysheep_opposing_triangles
D:9:      layout_irregular_city, fedhas_ov_isle_minmay, uniq_harold,
          uniq_jeremiah, uniq_joseph

Skill      XL: |  1  2  3  4  5  6  7  8  9 10 |
---------------+-------------------------------+-----
Ranged Weapons | 4 5 6 7 9 10 13 14 | 14.0
Fighting       | |  2.0
Dodging        | |  1.7
Stealth        | |  0.7

Action                     |  1- 3 |  4- 6 |  7- 9 | 10-12 || total
---------------------------+-------+-------+-------+-------++-------
   Fire: Sling             |   148 |   180 |   658 |   118 ||  1104
 Invoke: Ancestor Life: Kn |       |       |     1 |       ||     1
         Recall Ancestor   |       |       |       |     1 ||     1
    Use: Potion            |       |     2 |       |     7 ||     9
         Scroll            |       |       |     6 |       ||     6
 Armour: Leather armour    |     5 |    40 |   100 |    36 ||   181
  Dodge: Dodged            |     7 |    25 |    62 |    16 ||   110

Table legend: (Time is in decaauts)
 A = Elapsed time spent in this place.
 B = Non-inter-level travel time spent in this place.
 C = Inter-level travel time spent in this place.
 D = Time resting spent in this place.
 E = Time spent auto-exploring this place.
 F = Levels seen in this place.
 G = Mean time per level.
                   A        B        C        D        E       F      G
               +--------+--------+--------+--------+--------+-----+--------+
         Total |   7785 |   7522 |    263 |     54 |   6546 |   9 |  865.0 |
       Dungeon |   7785 |   7522 |    263 |     54 |   6546 |   9 |  865.0 |
               +--------+--------+--------+--------+--------+-----+--------+

Top non-repeatable levels by time:
     D:5: 1499 daAuts
     D:4: 1241 daAuts
     D:8: 1061 daAuts
     D:6: 963 daAuts
     D:2: 804 daAuts
     D:7: 742 daAuts
     D:3: 583 daAuts
     D:1: 533 daAuts
     D:9: 355 daAuts
